Map: 赛博森林-天梯版

Players

Elazer - Winner!

  • Race: Zerg Zerg

RiSky

  • Race: Zerg Zerg

Event: WESG 2018 Grand Finals

VOD

Have the link to the VOD?

Description

Time

  • Played on: March 11, 2019, 2:29 a.m.
  • Length: 7:50

All games in this series

Show
View Real Time Build Order
Export as new Build Order

Elazer Zerg - Winner!

Build Orders: Hatch First 

Get SALT Encoding   

  12  0:00  Drone  
  13  0:12  Overlord  
  13  0:16  Drone  
  14  0:30  Drone x2  
  16  0:48  Hatchery  
  15  0:51  Drone  
  15  0:54  Drone  
  17  1:08  Spawning Pool  
  16  1:11  Drone  
  16  1:14  Drone  
  16  1:17  Drone  
  19  1:23  Extractor  
  18  1:27  Drone  
  19  1:39  Drone  
  20  1:49  Overlord  
  20  1:56  Queen  
  20  2:01  Queen  
  22  2:02  Zergling x2  
  22  2:03  Drone  
  26  2:11  Drone x2  
  28  2:21  Drone  
  28  2:22  Drone  
  30  2:32  Hatchery, Drone  
  30  2:34  Drone  
  31  2:38  Evolution Chamber  
  31  2:42  Drone  
  31  2:44  Drone  
  32  2:53  Overlord  
  32  2:54  Drone  
  33  3:00  Roach Warren  
  33  3:03  Drone  
  33  3:04  Zerg Missile Weapons Level 1  
  33  3:06  Drone  
  33  3:08  Drone  
  33  3:10  Drone  
  36  3:13  Drone  
  36  3:14  Drone  
  36  3:18  Overlord  
  38  3:23  Drone x2  
  40  3:28  Overlord  
  40  3:31  Overlord  
  40  3:37  Drone x3  
  40  3:40  Drone x2  
  45  3:44  Drone  
  45  3:45  Drone  
  47  3:50  Queen  
  47  3:52  Extractor  
  47  3:53  Drone, Extractor  
  48  3:56  Drone x2  
  48  3:57  Drone  
  48  3:59  Drone  
  48  4:00  Drone  
  52  4:04  Drone  
  52  4:07  Drone  
  52  4:08  Drone  
  55  4:10  Lair  
  55  4:14  Drone x3  
  58  4:20  Roach x2  
  64  4:24  Roach  
  64  4:28  Overlord  
  64  4:29  Roach  
  64  4:30  Roach  
  68  4:33  Overlord  
  68  4:35  Roach  
  68  4:37  Roach  
  72  4:39  Overlord  
  72  4:41  Roach  
  72  4:43  Extractor  
  72  4:44  Drone  
  74  4:46  Overlord  
  74  4:50  Overlord  
  74  4:53  Roach x2  
  74  4:54  Roach  
  74  4:56  Roach  
  82  5:00  Zerg Ground Armor Level 1  
  82  5:03  Roach x2  
  82  5:06  Roach  
  88  5:11  Overlord  
  88  5:14  Roach  
  88  5:15  Overlord  
  88  5:18  Roach x2  
  88  5:21  Overlord  
  94  5:24  Glial Reconstitution  
  94  5:26  Roach  
  96  5:29  Roach  
  96  5:31  Roach  
  96  5:33  Roach  
  104  5:35  Roach  
  104  5:36  Overlord  
  104  5:40  Roach x2  
  110  5:43  Roach  
  110  5:48  Roach x2  
  108  5:59  Roach x5  
  108  6:01  Roach  
  112  6:06  Roach x2  
  112  6:08  Queen  
  112  6:09  Overlord  
  112  6:11  Roach x2  
  120  6:13  Roach  
  120  6:15  Roach  
  124  6:21  Roach x3  
  124  6:25  Overlord  
  128  6:28  Roach x2  
  132  6:35  Roach x3  
  138  6:42  Roach x4  
  138  6:46  Overlord  
  146  6:51  Roach x3  
  146  6:53  Overlord  
  150  7:07  Roach x4  
  146  7:11  Roach  
  146  7:12  Roach x3  
  154  7:16  Roach x4  
  162  7:23  Roach x3  
  154  7:31  Roach  
Show
View Real Time Build Order
Export as new Build Order

RiSky Zerg 

Build Orders: Hatch First, Roach Nydus 

Get SALT Encoding   

  12  0:00  Drone  
  13  0:12  Overlord  
  13  0:17  Drone  
  14  0:30  Drone x2  
  16  0:49  Hatchery  
  15  0:52  Drone  
  15  0:56  Drone  
  17  1:00  Drone  
  18  1:10  Extractor  
  17  1:15  Spawning Pool  
  17  1:18  Drone  
  17  1:21  Drone  
  18  1:28  Drone  
  19  1:38  Drone  
  20  1:49  Overlord  
  20  2:00  Drone  
  21  2:02  Queen x2, Drone  
  26  2:10  Drone  
  26  2:12  Drone  
  28  2:21  Drone  
  29  2:23  Drone  
  30  2:32  Overlord  
  30  2:33  Zergling x2  
  31  2:37  Queen, Evolution Chamber  
  31  2:43  Drone  
  33  2:45  Lair  
  33  2:46  Drone  
  34  2:53  Drone  
  34  2:55  Drone  
  36  3:03  Roach Warren, Zerg Missile Weapons Level 1  
  36  3:05  Drone  
  36  3:07  Drone  
  36  3:11  Drone, Extractor  
  37  3:15  Drone  
  37  3:16  Drone  
  37  3:18  Drone  
  40  3:21  Drone  
  40  3:24  Overlord  
  41  3:32  Overlord  
  41  3:33  Extractor  
  40  3:36  Drone x2  
  40  3:37  Drone  
  40  3:40  Drone  
  44  3:43  Glial Reconstitution  
  44  3:44  Drone  
  44  3:46  Drone  
  44  3:48  Drone  
  47  3:49  Drone  
  47  3:53  Drone  
  47  3:54  Drone  
  50  3:56  Drone  
  50  4:00  Overlord  
  51  4:10  Hatchery  
  51  4:15  Roach x2  
  54  4:20  Overlord  
  54  4:24  Roach x2  
  54  4:26  Roach  
  54  4:28  Roach  
  62  4:33  Roach x2  
  66  4:39  Roach x2  
  66  4:42  Roach  
  72  4:46  Overseer  
  72  4:47  Nydus Network  
  72  4:50  Roach  
  73  4:53  Overlord  
  73  4:55  Overlord  
  73  5:00  Overlord  
  73  5:04  Overlord  
  73  5:06  Roach  
  75  5:13  Overlord, Roach x2  
  79  5:15  Roach  
  79  5:18  Roach x2  
  83  5:23  Roach x2  
  83  5:26  Nydus Canal  
  87  5:32  Roach x2  
  87  5:33  Roach  
  93  5:36  Ravager  
  93  5:41  Nydus Canal  
  93  5:44  Roach x2  
  93  5:46  Roach x2  
  93  5:49  Roach x2  
  104  5:53  Roach  
  104  5:55  Roach  
  106  5:58  Roach x2  
  106  6:02  Roach  
  106  6:08  Drone x2  
  106  6:10  Drone  
  109  6:12  Drone x2  
  109  6:14  Drone x2  
  109  6:17  Drone  
  114  6:23  Drone x2  
  116  6:26  Nydus Canal  
  116  6:29  Drone  
  116  6:31  Drone  
  118  6:33  Drone  
  118  6:34  Drone x2  
  118  6:35  Overlord  
  118  6:39  Overlord, Overseer  
  117  6:41  Overlord  
  117  6:44  Extractor  
  117  6:46  Drone x2  
  118  6:47  Drone x2  
  118  6:49  Drone  
  118  6:51  Extractor  
  120  6:54  Roach x2  
  120  6:57  Roach x2  
  120  7:00  Roach  
  122  7:03  Roach x2  
  122  7:05  Roach x2  
  122  7:08  Roach  
  118  7:09  Nydus Canal  
  118  7:11  Roach  
  118  7:14  Roach x2  
  120  7:16  Roach  
  120  7:21  Roach x2  
  122  7:24  Roach  
  122  7:28  Roach  
Tags
 
Add a new tag
Caveats
  • Supply blocks, unpowered buildings, or Contaminate may cause inaccurate times.
  • Supply counts are checked every 10 seconds.